cohdb
Replays
Latest Replays
All Replays
Popular Replays
Top Player Replays
Match Explorer
How It Works
Community
CoH3 Stats
Reddit
Sign in to upload your games and track your stats! →
Sign in with Steam
Match 42837909
Unlisted
Match 42837909
Overview
Messages
Build Orders
End
Selects Armored Battlegroup
Selects Assault Engineers
Assault Engineer Squad
Construct Weapon Support Center
M1919 Machine Gun Team
Bazooka Squad
Bazooka Squad
Assault Engineer Squad
Air Support Center
Bazooka Squad
Bazooka Squad
Assault Engineer Squad
P-47 Dive Bomb
P-47 Strafing Run
Construct Tank Depot
P-47 Strafing Run
Selects Strength in Steel
Selects M8 Scott SPG
Scout Squad
Selects UNKNOWN (2160077)
M4A3E8 Sherman Easy Eight
P-47 Strafing Run
M4A3E8 Sherman Easy Eight
P-47 Dive Bomb
P-47 Strafing Run
Selects M31 Recovery Vehicle
Selects War Machine
M4A3E8 Sherman Easy Eight
P-47 Dive Bomb
M31 Recovery Vehicle
Air Supremacy
Grasshopper Recon Run
Double Sortie
P-47 Strafing Run
Grasshopper Recon Run
Advanced Air Reconnaissance
P-47 Dive Bomb
Grasshopper High-Altitude Recon Run
P-47 Strafing Run
Grasshopper High-Altitude Recon Run
P-47 Dive Bomb
M4A3E8 Sherman Easy Eight
P-47 Strafing Run
Grasshopper High-Altitude Recon Run
P-47 Dive Bomb
LOS DIABLES DEL RIOCON LECHE
Maknil
NoobMaster
火鸡
RobotOtaku
Valar[M]orgHulis
Basilicus Agiad
凉梦丶
0
0
Comments
sign in to comment!
No comments posted yet!